 Dungeon Crawl Stone Soup version 0.18-a0-1572-g0a86841 (webtiles) character file.

592 M4edhros the Spear-Bearer (level 7, -1/46 HPs)
             Began as an Octopode Chaos Knight on Mar 15, 2016.
             Killed from afar by a starcursed mass (7 damage)
             ... with an accursed screaming
             ... on level 1 of the Abyss.
             The game lasted 00:06:16 (3631 turns).

M4edhros the Spear-Bearer (Octopode Chaos Knight)   Turns: 3631, Time: 00:06:16

Health: -1/46      AC:  1    Str: 19    XL:     7   Next: 39%
Magic:  16/16      EV: 11    Int: 20    God:    Xom [...*..]
Gold:   211        SH:  3    Dex: 10    Spells: 0 memorised, 6 levels left

rFire  + + .     SeeInvis .     c - +1 spear "Beastbane" {elec, *Drain Str+8 Dex-3} (curse)
rCold  . . .     Gourm    .     w - +0 buckler
rNeg   . . .     Faith    .     (helmet restricted)
rPois  +         Spirit   .     (no amulet)
rElec  +         Dismiss  .     q - ring of sustain attributes
rCorr  +         Reflect  .     g - ring of fire
SustAt +         Harm     .     f - ring of magical power
MR     .....                    (no ring)
Stlth  ++........               (no ring)
                                (no ring)
                                (no ring)
                                (no ring)

@: brilliant, resistant, not resistant to hostile enchantments, unstealthy
A: almost no armour, amphibious, 8 rings, constrict 8, camouflage 1, gelatinous
body 1
a: Renounce Religion


You were on level 1 of the Abyss.
You worshipped Xom.
You were a favourite toy of Xom.
You were hungry.

You visited 1 branch of the dungeon, and saw 5 of its levels.
You visited the Abyss 1 time.

You collected 211 gold pieces.

Inventory:

Hand Weapons
 a - a +0 spear of chaos
 c - the cursed +1 spear "Beastbane" (weapon) {elec, *Drain Str+8 Dex-3}
   (You found it on level 4 of the Dungeon)

   Occasionally, upon striking a foe, it will discharge some electrical energy
   and cause terrible harm.
   It affects your strength (+8).
   It affects your dexterity (-3).
   It causes draining when unequipped.
   It has a curse placed upon it.
Armour
 w - a +0 buckler (worn)
Jewellery
 f - a ring of magical power (on tentacle)
 g - a ring of fire (right tentacle)
 q - a ring of sustain attributes (left tentacle)
 t - an uncursed ring of fire
Scrolls
 d - 3 scrolls of remove curse
 h - a scroll of enchant armour
 j - 2 scrolls of teleportation {unknown}
 v - 3 scrolls of identify
Potions
 e - 2 potions of curing
 i - 2 potions of lignification
 l - a potion of might
 r - a potion of experience {unknown}
 u - 2 potions of agility
Comestibles
 b - 3 bread rations
 k - 2 slices of pizza
 n - a royal jelly
 p - 3 meat rations
 s - a beef jerky
 x - a chunk of flesh


   Skills:
 - Level 3.0 Fighting
 + Level 8.3 Polearms
 - Level 2.3 Dodging


You had 6 spell levels left.
You didn't know any spells.

Dungeon Overview and Level Annotations

Branches:
Dungeon (5/15)
 Temple: D:4-7

Altars:
Xom

Shops:
D:4 }


Innate Abilities, Weirdness & Mutations

You cannot wear most types of armour.
You are amphibious.
You can wear up to eight rings at the same time.
You can use your tentacles to constrict eight enemies at once.
Your skin changes colour to match your surroundings (Stealth).
Your rubbery body absorbs attacks (AC +1).


Message History

Press: ? - help, Dir - move target cursor, f/p - starcursed mass
Aim: a starcursed mass (moderately damaged)
You reach to attack!
You hit the starcursed mass.
The starcursed mass is heavily damaged.
A starcursed mass splits.
The starcursed mass shrieks in your mind.
A starcursed mass splits.
A chorus of shrieks assaults your mind.
* * * LOW HITPOINT WARNING * * *
A starcursed mass splits. x2
Drink which item? (? for menu, Esc to quit)
Okay, then.
Read which item? (? for menu, Esc to quit)
Okay, then.
The starcursed mass shrieks in your mind.
* * * LOW HITPOINT WARNING * * *
A starcursed mass splits.
A chorus of shrieks assaults your mind.
You die...
Xom laughs nastily!

. # .####..#####.
..# ##.
#.....XXX##. . . .
##. ###.#..X#. ..#
# ##
..##....#####...##
. #
#.#.....#.....#.#.
# # .
#...##X...X.#X#.
.# ##
##..#.###...#.
..#.# # #..##
##...#.#.#.. #.#@#
X .## . # ####.#
#.# #. . . #..##.
. .# .. .. #....XX
# # ...#...# ..#
##. # #


You could see 2 starcursed masses.

Vanquished Creatures
  The ghost of M4edhros the Poker, an amateur OpCK of Xom (D:3)
  A howler monkey (D:4)
  A crimson imp (D:5)
  An orc priest (D:3)
  2 hounds
  3 orc wizards
  4 worker ants
  6 adders
  A howler monkey skeleton (D:5)
  An ufetubus (Abyss:1)
  2 oozes
  A worm (D:3)
  2 dart slugs
  A giant gecko (D:4)
  15 orcs
  10 giant cockroaches
  5 goblins
  7 hobgoblins
  5 jackals
  5 quokkas
  6 bats
  5 giant newts
  8 kobolds
  4 rats
97 creatures vanquished.

Vanquished Creatures (others)
  A centaur skeleton (D:4)
  An adder (D:4)
  A giant newt (D:4)
3 creatures vanquished.

Grand Total: 100 creatures vanquished

Notes
Turn   | Place    | Note
--------------------------------------------------------------
     0 | D:1      | M4edhros the Octopode Chaos Knight began the quest for the Orb.
     0 | D:1      | Reached XP level 1. HP: 16/16 MP: 1/1
   121 | D:1      | Reached XP level 2. HP: 19/21 MP: 2/2
   146 | D:1      | XOM: harmless Air miscast
   230 | D:1      | Reached skill level 4 in Polearms
   234 | D:1      | Reached XP level 3. HP: 18/26 MP: 3/3
   447 | D:1      | XOM: harmless Trmt miscast
   616 | D:2      | Found a faded altar to an unknown god.
   651 | D:2      | XOM: silly message
   871 | D:3      | Reached XP level 4. HP: 20/31 MP: 4/4
  1121 | D:3      | Reached skill level 5 in Polearms
  1203 | D:3      | XOM: divination: magic mapping
  1267 | D:3      | XOM: harmless Divn miscast
  1268 | D:3      | XOM: cast spell 'Summon Butterflies'
  1286 | D:3      | XOM: silly message
  1290 | D:3      | XOM: harmless Necr miscast
  1295 | D:3      | XOM: harmless Air miscast
  1299 | D:3      | XOM: mild Trmt miscast
  1301 | D:3      | Reached XP level 5. HP: 10/36 MP: 5/5
  1317 | D:3      | Reached skill level 6 in Polearms
  1482 | D:3      | Noticed M4edhros's ghost (amateur OpCK)
  1489 | D:3      | XOM: divination: detect creatures
  1504 | D:3      | XOM: potion effect (berserk rage)
  1509 | D:3      | Paralysed by M4edhros's ghost for 5 turns
  1516 | D:3      | Killed M4edhros's ghost
  1516 | D:3      | Reached XP level 6. HP: 17/42 MP: 6/6
  1761 | D:3      | XOM: vitrification
  2114 | D:3      | XOM: god gift: steaming chain mail {god gift}
  2115 | D:3      | Got a steaming chain mail {god gift}
  2117 | D:3      | Identified the +1 chain mail of the Vestibule of Hell {rPois MP+9 Int+4} (Xom gifted it to you on level 3 of the Dungeon)
  2298 | D:3      | XOM: colour smoke trail
  2466 | D:4      | Reached skill level 7 in Polearms
  2514 | D:4      | Found Cufrofae's Gadget Boutique.
  2852 | D:4      | Got an ichor-stained spear
  2853 | D:4      | Identified the cursed +1 spear "Beastbane" {elec, *Drain Str+8 Dex-3} (You found it on level 4 of the Dungeon)
  2909 | D:4      | Found a shimmering altar of Xom.
  3050 | D:4      | Reached XP level 7. HP: 35/46 MP: 7/7
  3208 | D:5      | Entered Level 5 of the Dungeon
  3327 | D:5      | Reached skill level 8 in Polearms
  3388 | D:5      | XOM: enchant monster (bad)
  3516 | D:5      | XOM: mild Summ miscast
  3517 | D:5      | Noticed a spatial vortex
  3522 | D:5      | Cast into level 1 of the Abyss (spatial vortex)
  3528 | Abyss:1  | Found a corrupted altar of Lugonu.
  3583 | Abyss:1  | Noticed a large abomination
  3592 | Abyss:1  | Noticed a starcursed mass
  3598 | Abyss:1  | XOM: cast spell 'Summon Hydra'
  3631 | Abyss:1  | Killed from afar by a starcursed mass

Vault maps used:
D:1:      dpeg_arrival_solitude
D:2:      ecumenical_altar_1
D:3:      first_bread, interstate_on_off, hangedman_glass_teeth,
          grunt_ministairs_8, minmay_misc_feat_diagonals,
          minmay_misc_feat_rugged
D:4:      serial_shops, shop, xom_confusion_cloud
D:5:      nicolae_dithmenos_shadow_blocks, temple_green, st_stairs_6,
          corexii_leaking_fountain

Skill      XL: |  1  2  3  4  5  6  7 |
---------------+----------------------+-----
Polearms       | 4 5 6 7 8 |  8.3
Fighting       | |  3.0
Dodging        | |  2.3

Action                   |  1- 3 |  4- 6 |  7- 9 || total
-------------------------+-------+-------+-------++-------
Melee: Spear             |    70 |   166 |    39 ||   275
  Use: Potion            |       |     8 |     2 ||    10
       Scroll            |       |     3 |       ||     3
 Stab: Sleeping          |     8 |     2 |     2 ||    12
       Confused          |       |     2 |       ||     2
       Distracted        |       |     1 |       ||     1
  Eat: Chunk             |       |     7 |     2 ||     9
